 Dungeon Crawl Stone Soup version 0.31-a0-626-g8143ab4f1d (webtiles) character file.

Game seed: 16466373121056249617

30 spiderkeys the Ruffian (level 2, 0/23 HPs)
             Began as a Demigod Shapeshifter on Aug 24, 2023.
             Slain by a hobgoblin (1 damage)
             ... on level 2 of the Dungeon.
             The game lasted 00:02:47 (1221 turns).

spiderkeys the Ruffian (Demigod Shapeshifter)       Turns: 1221, Time: 00:02:47

Health: 0/23       AC:  2    Str: 16    XL:     2   Next: 84%
Magic:  4/4        EV: 12    Int: 10    God:
Gold:   60         SH:  0    Dex: 14    Spells: 1/1 levels left

rFire   . .          .
                       - Unarmed
rCold   . . .        (no shield)
rNeg    . . .        a - +0 animal skin
rPois   .            (helmet currently unavailable)
rElec   .            (cloak currently unavailable)
rCorr   .            (gloves currently unavailable)
SInv    .            (boots currently unavailable)
Will    .....        (no amulet)
Stlth   +            (no ring)
HPRegen 0.23/turn    (no ring)
MPRegen 0.09/turn

%: no passive effects
@: beast-form
A: beast (slay +1), high MP 1, forlorn, divine attributes
a: Begin Untransformation


You were on level 2 of the Dungeon.
You were a hulking beast.
You visited 1 branch of the dungeon, and saw 2 of its levels.

You collected 60 gold pieces.


Innate Abilities, Weirdness & Mutations

You are a hulking beast.
Your limbs bulge with bestial killing power. (Slay +1)
You have an increased reservoir of magic. (+10% MP)
You shall have no god before yourself.
Your divine heritage dramatically boosts your attributes as you level up.


   Skills:
 + Level 1.5 Fighting
 + Level 2.2 Dodging
 + Level 3.0 Unarmed Combat
 + Level 2.9 Shapeshifting


You had one spell level left.
You didn't know any spells.
Your spell library contained the following spells:

 Spells                   Type           Power      Damage    Failure   Level
 Apportation              Tloc           0%         N/A       36%         1
 Alistair's Intoxication  Tmut/Pois      0%         N/A       100%        5

Inventory:

Missiles
 l - 4 curare-tipped darts {=f}
Armour
 a - a +0 animal skin (worn)
Magical Staves
 j - a staff of death {!a}
   (You found it on level 2 of the Dungeon)
Talismans
 c - a beast talisman (active)
 d - a flux talisman
Scrolls
 e - 2 scrolls of identify {unknown}
 f - a scroll of revelation {unknown}
 g - a scroll of teleportation {unknown}
 h - 3 scrolls of noise {unknown}
 i - a scroll of fog {unknown}
 k - a scroll of amnesia {unknown}
Potions
 b - a potion of lignification {!q}

Dungeon Overview and Level Annotations

Branches:
Dungeon (2/15) Zot: 10782

...... ##..... ###......
....#.#.# #......######
##.#.#.#.... ###
#!....Sg#.###### #..
...##h......... ....
.###.#..######## #....
................
#.##....#####.....#.#####
..# #.......>......##..#
#.# #............#.#.#
#.# ##...............####
#.# ##...##............#
#.# # ##..###.........#.#


You could see an adder and a hobgoblin.


Message History

Found a stone staircase leading down.
No target in view!
There is a stone staircase leading down here.
Found a stone staircase leading up.
i - a scroll labelled ECWIOR OWANGUCU A dart slug comes into view.
You see here a book of Party Tricks.
You punch the dart slug! The dart slug launches a dart at you.
The slug dart hits you. 😕 HP[-2]
You take 2 damage, and now have 21/23 hp.
You punch the dart slug!
You kill the dart slug!
No target in view!
No target in view!
No target in view!
j - a staff of death {!a} 😎 HP[+2]
Your hp is fully restored (23).
You pick up a book of Party Tricks and begin reading...
Unfortunately, you learned nothing new.
Found a stone staircase leading down.
k - a scroll labelled CATHRE WU BYU You now have 60 gold pieces (gained 8).
A kobold comes into view. It is wielding a +0 dagger.
A kobold is nearby!
A kobold is nearby!
You barely miss the kobold. The kobold barely misses you.
You hit the kobold.
The kobold hits you with a +0 dagger. 😕 HP[-4]
You take 4 damage, and now have 19/23 hp.
You barely miss the kobold. The kobold closely misses you.
You hit the kobold.
You kill the kobold!
No target in view!
l - 4 curare-tipped darts {=f} 😎 HP[+4]
Your hp is fully restored (23).
An adder comes into view.
The adder hisses angrily.
An adder is nearby!
An adder is nearby!
A hobgoblin comes into view.
The hobgoblin shouts!
You barely miss the adder. The adder closely misses you. The adder bites you.
You are poisoned.
The adder poisons you! 😕 HP[-2]
You take 2 damage, and now have 21/23 hp.
You hit the adder but do no damage. Your punch misses the adder.
You feel sick. The adder barely misses you. 😕 HP[-2]
You take 2 damage, and now have 19/23 hp.
You hit the adder but do no damage.
You feel sick. The adder bites you. 😮 HP[-2]
You take 2 damage, and now have 17/23 hp.
You are too injured to fight recklessly!
You are too injured to fight recklessly!
You are too injured to fight recklessly!
You barely miss the hobgoblin.
You feel sick. The adder closely misses you. The hobgoblin misses you. 😮 HP[-1]
You take 1 damage, and now have 16/23 hp.
You hit the hobgoblin.
You feel sick. The adder completely misses you.
The hobgoblin hits you. 😮 HP[-2]
You take 2 damage, and now have 14/23 hp.
You barely miss the hobgoblin.
You feel sick. The adder closely misses you. The hobgoblin closely misses you.
The adder closely misses you. 😮 HP[-1]
You take 1 damage, and now have 13/23 hp.
You hit the hobgoblin.
You feel sick. The adder bites you.
* * * LOW HITPOINT WARNING * * *
You are more poisoned.
The adder poisons you! The hobgoblin hits you.
* * * LOW HITPOINT WARNING * * *
😨 HP[-6]
You take 6 damage, and now have 7/23 hp.
MASSIVE DAMAGE!! (PAUSE)
You miss the adder.
You feel sick. The adder misses you. 😨 HP[-1]
You take 1 damage, and now have 6/23 hp.
You closely miss the adder.
You feel sick. The hobgoblin barely misses you.
The adder barely misses you. 😱 HP[-1]
You take 1 damage, and now have 5/23 hp.
You hit the adder.
You feel sick. The hobgoblin barely misses you.
The adder bites you but does no damage.
You hit the adder.
You feel sick. The adder completely misses you. The hobgoblin hits you.
* * * LOW HITPOINT WARNING * * *
😱 HP[-3]
You take 3 damage, and now have 2/23 hp.
You hit the adder.
* * * LOW HITPOINT WARNING * * *
You feel sick.
You are no longer poisoned.
The adder barely misses you. The hobgoblin hits you.
You die...

Skill      XL: |  1  2 |
---------------+-------+-----
Fighting       | 1 |  1.5
Dodging        | 2 |  2.2
Unarmed Combat | 3 |  3.0
Shapeshifting  | |  2.9

Action                     || total
---------------------------++-------
  Melee: Unarmed           ||    77
         Punch             ||     1
   Stab: Sleeping          ||     1
 Armour: Animal skin       ||    10
  Dodge: Dodged            ||    49

Levels and vault maps discovered:
D:1:      dpeg_arrival_ternary, layout_basic, hangedman_decor_peaks_small,
          solitary_fountain
D:2:      layout_loops_ring, serial_co_window_serial, co_window_paths_a,
          co_window_corner_a, co_window_corner_a, co_window_corner_a,
          co_window_paths_a, co_window_paths_b, co_window_corner_a,
          co_window_corner_ca, co_window_broadway_b, co_window_paths_c,
          co_window_of_opportunity_b, co_window_of_opportunity_b,
          co_window_2corner, co_window_broadway_c, glass_columns_c,
          glass_columns_b, glass_columns_a, glass_columns_a, glass_columns_b,
          dreamdust_ecumenical_altar_hidden_monk_grotto

Notes
Turn   | Place    | Note
-------+----------+-------------------------------------------
     0 | D:1      | spiderkeys the Demigod Shapeshifter began the quest for the
                  | Orb.
     0 | D:1      | Reached XP level 1. HP: 15/15 MP: 3/3
     0 | D:1      | magus.rc [v1.11.6]
    26 | D:1      | Reached skill level 1 in Fighting
   182 | D:1      | Reached skill level 2 in Dodging
   256 | D:1      | Reached XP level 2. HP: 19/23 MP: 4/4
   383 | D:1      | You add the spells Apportation and Alistair's Intoxication
                  | to your library.
   595 | D:1      | Reached skill level 3 in Unarmed Combat
  1218 | D:2      | HP: 5/23 [poisoned by an adder]
  1220 | D:2      | HP: 2/23 [hobgoblin (2)]
  1221 | D:2      | Slain by a hobgoblin

Vanquished Creatures
  A dart slug (D:2)
  2 ball pythons (D:1)
  2 bats (D:1)
  3 endoplasms (D:1)
  A giant cockroach (D:1)
  A hobgoblin (D:1)
  3 kobolds
  5 quokkas (D:1)
  3 goblins
  2 rats (D:1)
23 creatures vanquished.

Table legend:
 A = Non-vault XP
 B = Vault XP
 C = Vault XP percentage of total XP
 D = Non-vault monster count
 E = Vault monster count
 F = Vault count percentage of total count
                 A         B        C        D         E       F
            +---------+---------+-------+---------+---------+-------
      Total |      43 |       0 |   0.0 |      23 |       0 |   0.0
            +---------+---------+-------+---------+---------+-------
        D:1 |      33 |       0 |   0.0 |      19 |       0 |   0.0
        D:2 |      10 |       0 |   0.0 |       4 |       0 |   0.0
            +---------+---------+-------+---------+---------+-------

Skill      XL: |  1  2 |
---------------+-------+-----
Fighting       | 1 |  1.5
Dodging        | 2 |  2.2
Unarmed Combat | 3 |  3.0
Shapeshifting  | |  2.9

Action                     || total
---------------------------++-------
  Melee: Unarmed           ||    77
         Punch             ||     1
   Stab: Sleeping          ||     1
 Armour: Animal skin       ||    10
  Dodge: Dodged            ||    49

Illustrated notes

Table legend:
 A = Kills in this place as a percentage of kills in the entire game.
 B = Kills by you in this place as a percentage of kills by you in the entire game.
 C = Kills by friends in this place as a percentage of kills by friends in the entire game.
 D = Other kills in this place as a percentage of other kills in the entire game.
 E = Experience gained in this place as a percentage of experience gained in the entire game.
 F = Experience gained in this place divided by the number of levels of this place that you have seen.
                   A       B       C       D       E      F
               +-------+-------+-------+-------+-------+----------------------
         Total | 100.0 | 100.0 |   N/A |   N/A | 100.0 |  21.5
       Dungeon | 100.0 | 100.0 |   N/A |   N/A | 100.0 |  21.5
               +-------+-------+-------+-------+-------+----------------------

Table legend: (Time is in decaauts)
 A = Elapsed time spent in this place.
 B = Non-inter-level travel time spent in this place.
 C = Inter-level travel time spent in this place.
 D = Time resting spent in this place.
 E = Time spent auto-exploring this place.
 F = Levels seen in this place.
 G = Mean time per level.
                   A        B        C        D        E       F      G
               +--------+--------+--------+--------+--------+-----+--------+
         Total |   1216 |   1070 |    146 |      0 |    895 |   2 |  608.0 |
       Dungeon |   1216 |   1070 |    146 |      0 |    895 |   2 |  608.0 |
               +--------+--------+--------+--------+--------+-----+--------+

Top non-repeatable levels by time:
     D:1: 1021 daAuts
     D:2: 195 daAuts
